 Dungeon Crawl Stone Soup version 0.29-a0-360-g8ed1089bbe (webtiles) character file.

Game seed: 11538442877378043791

832 Hubjo the Magician (level 7, -2/39 HPs)
             Began as a Deep Elf Fire Elementalist on Apr 28, 2022.
             Was a Believer of Ru.
             Slain by an ogre
             ... wielding a +0 giant spiked club
              (30 damage)
             ... on level 5 of the Dungeon.
             The game lasted 00:13:22 (6796 turns).

Hubjo the Magician (Deep Elf Fire Elementalist)     Turns: 6796, Time: 00:13:23

Health: -2/39      AC:  2    Str:  5    XL:     7   Next: 65%
Magic:  14/17      EV: 13    Int: 20    God:    Ru [**....]
Gold:   294        SH:  0    Dex: 17    Spells: 12/17 levels left

rFire   + . .      SeeInvis .   g - +2 dagger (venom)
rCold   x . .      Faith    .   (no shield)
rNeg    . . .      Spirit   .   a - +0 robe
rPois   .          Reflect  .   (no helmet)
rElec   .          Harm     .   (no cloak)
rCorr   .          Rampage  .   (no gloves)
Will    +....                   (no boots)
Stlth   +++.......              (no amulet)
HPRegen 0.13/turn               k - ring of fire
MPRegen 0.15/turn               q - ring of willpower

@: no status effects
A: frail 1
a: Renounce Religion


You were on level 5 of the Dungeon.
You worshipped Ru.
Ru was pleased with you.
You visited 1 branch of the dungeon, and saw 5 of its levels.

You collected 348 gold pieces.
You spent 54 gold pieces at shops.

Inventory:

Hand Weapons
 g - a +2 dagger of venom (weapon)
Armour
 a - a +0 robe (worn)
Magical Staves
 l - a staff of air
Jewellery
 k - a ring of fire (left hand)
 q - a ring of willpower (right hand)
 s - a ring of fire
 v - an amulet of the acrobat
Wands
 t - a wand of digging (5)
Scrolls
 d - a scroll of holy word
 f - 4 scrolls of teleportation
 h - a scroll of noise
 i - 3 scrolls of vulnerability
 j - a scroll of enchant armour
 r - a scroll of silence
Potions
 b - a potion of might {unknown}
 c - 2 potions of attraction
 e - a potion of lignification
 m - 2 potions of curing {unknown}
 n - a potion of invisibility {unknown}
 o - a potion of degeneration {unknown}
 p - a potion of cancellation {unknown}
 u - a potion of flight {unknown}


   Skills:
 * Level 4.3 Fighting
 - Level 2.4 Dodging
 + Level 5.5 Stealth
 + Level 5.8 Spellcasting
 - Level 1.1 Conjurations
 + Level 5.3 Fire Magic


You had 12 spell levels left.
You knew the following spells:

 Your Spells              Type           Power      Damage    Failure   Level
a - Foxfire               Conj/Fire      100%       2x1d9     2%          1
b - Flame Wave            Conj/Fire      28%        2d8       28%         4

Your spell library contained the following spells:

 Spells                   Type           Power      Damage    Failure   Level
 Scorch                   Fire           80%        2d9       1%          2
 Magic Dart               Conj           40%        1d5       7%          1
 Conjure Flame            Conj/Fire      28%        6-21      9%          3
 Searing Ray              Conj           20%        2d5       11%         2
 Inner Flame              Hex/Fire       24%        N/A       11%         3
 Gell's Gravitas          Tloc           5%         N/A       32%         3
 Lesser Beckoning         Tloc           5%         N/A       32%         3
 Teleport Other           Tloc           5%         N/A       32%         3
 Fulminant Prism          Conj/Hex       4%         3d6       63%         4
 Dispersal                Tloc           2%         N/A       100%        6


Dungeon Overview and Level Annotations

Branches:
Dungeon (5/15)
 Temple: D:4-7

Altars:
Elyvilon
Ru
Xom

Shops:
D:4 ?(*((


Innate Abilities, Weirdness & Mutations

You are frail. (-10% HP)


Message History

You feel a surge of power!
You conjure some foxfire!
The foxfire hits the orc.
You kill the orc!
The foxfire hits the orc.
You kill the orc!
Your foxfire dissipates!
Your foxfire dissipates!
Things that are here:
a +0 flail; a +0 leather armour
Things that are here:
a +0 club; a +0 ring mail
Things that are here:
a +0 club; an orc corpse You open the door.
An ogre comes into view. It is wielding a +0 giant spiked club.
Found 11 gold pieces.
An ogre is nearby!
An ogre is nearby!
You feel a surge of power!
You conjure some foxfire!
You feel a surge of power!
You conjure some foxfire!
The ogre hits you with a +0 giant spiked club!
You focus your inner power and blind the ogre in retribution!
You completely miss the ogre.
The foxfire hits the ogre!
The ogre is moderately wounded.
The foxfire hits the ogre.
The ogre is moderately wounded.
The foxfire hits the ogre.
The ogre is heavily wounded.
The foxfire hits the ogre.
The ogre is severely wounded.
You feel a surge of power!
You conjure some foxfire!
The ogre barely misses you.
You hit the ogre.
The ogre is severely wounded.
The ogre is no longer blind.
The foxfire hits the ogre!
The ogre is almost dead.
The foxfire hits the ogre.
The ogre is almost dead.
The ogre hits you with a +0 giant spiked club!!
Ouch! That really hurt!
You die...

+........#........#
#...##..########..#
##...###'##.>####..#
.........'..)..)...#
.........#...).....#
###+###.#########..#
##'#..... ##..#
#..#......#...#
#..#......O@..#
####......#...#
..... ##### $... ...
.. #


You could see an ogre.

Vanquished Creatures
  Duvessa (D:4)
  A phantom (D:5)
  A necrophage (D:2)
  A scorpion (D:5)
  Dowan (D:4)
  A jelly (D:5)
  2 orc priests
  A gnoll shaman (D:4)
  Terence (D:2)
  3 iguanas
  3 orc wizards
  3 gnolls (D:4)
  5 adders
  3 worms
  4 dart slugs
  17 orcs
  10 ball pythons
  7 endoplasms
  4 giant cockroaches
  9 goblins
  5 hobgoblins
  3 quokkas
  5 bats
  5 frilled lizards
  5 kobolds
  5 rats
106 creatures vanquished.

Vanquished Creatures (others)
  648 foxfires
648 creatures vanquished.

Grand Total: 754 creatures vanquished

Notes
Turn   | Place    | Note
-------+----------+-------------------------------------------
     0 | D:1      | Hubjo the Deep Elf Fire Elementalist began the quest for
                  | the Orb.
     0 | D:1      | Reached XP level 1. HP: 10/10 MP: 6/6
   545 | D:1      | Reached XP level 2. HP: 16/16 MP: 5/8
   876 | D:2      | Reached skill level 1 in Fighting
  1065 | D:2      | Found a white marble altar of Elyvilon.
  1148 | D:2      | Became a worshipper of Elyvilon the Healer
  1209 | D:2      | Reached XP level 3. HP: 14/20 MP: 1/9
  1706 | D:2      | Identified the +8 dagger of Valour {freeze, Fragile rElec
                  | rN++ rCorr}
  2076 | D:2      | Reached * piety under Elyvilon
  2927 | D:3      | Noticed a necrophage
  2927 | D:3      | Noticed Terence
  3006 | D:3      | Reached XP level 4. HP: 26/26 MP: 7/11
  3079 | D:2      | Learned a level 4 spell: Flame Wave
  3103 | D:2      | Killed Terence
  3264 | D:2      | Killed a necrophage
  3265 | D:2      | Reached XP level 5. HP: 23/31 MP: 5/13
  4033 | D:3      | Found a sacrificial altar of Ru.
  4039 | D:3      | Fell from the grace of Elyvilon
  4039 | D:3      | Became a worshipper of Ru the Awakened
  4285 | D:4      | Found Divoz's Antique Weapon Shoppe.
  4400 | D:4      | Found Hyppomad's Antique Weapon Shoppe.
  4436 | D:4      | Found Vaif's General Store.
  4441 | D:4      | Bought a scroll of identify for 26 gold pieces
  4723 | D:4      | Found Tirchob's Weapon Emporium.
  5081 | D:4      | Found Saaxuna's Magic Scroll Emporium.
  5099 | D:4      | Reached XP level 6. HP: 36/36 MP: 7/14
  5161 | D:4      | Bought a scroll of identify for 28 gold pieces
  5205 | D:4      | Noticed Dowan
  5209 | D:4      | Killed Dowan
  5216 | D:4      | Noticed Duvessa
  5232 | D:4      | Killed Duvessa
  5233 | D:4      | Reached skill level 5 in Spellcasting
  5908 | D:4      | Reached XP level 7. HP: 42/42 MP: 11/16
  6179 | D:5      | Entered Level 5 of the Dungeon
  6198 | D:5      | Reached skill level 5 in Stealth
  6198 | D:5      | Reached skill level 5 in Fire Magic
  6202 | D:5      | Gained mutation: You are frail. (-10% HP) [Ru sacrifice]
  6202 | D:5      | Reached * piety under Ru
  6202 | D:5      | Reached ** piety under Ru
  6403 | D:5      | Found an ornate altar of the Wu Jian Council.
  6406 | D:5      | Found a shimmering altar of Xom.
  6406 | D:5      | Found a blossoming altar of Fedhas.
  6428 | D:5      | Found a shimmering altar of Xom.
  6428 | D:5      | Found a radiant altar of Vehumet.
  6428 | D:5      | Found a glowing silver altar of Zin.
  6796 | D:5      | Slain by an ogre

Illustrated notes

Levels and vault maps discovered:
D:1:      dpeg_arrival_pits, layout_rooms, hangedman_decor_growths
D:2:      layout_loops_ring, basic_altar, kennysheep_generic_room_12
D:3:      layout_loops_cross, nicolae_ru_the_path_less_chosen, uniq_terence
D:4:      layout_loops_corners, serial_shops, shop_statue, shop, shop_coins,
          shop, nicolae_shop_hallway_plus, cheibrodos_sewer_entry_drain,
          uniq_duvessa
D:5:      layout_gridville, doesnt_xom_only_xom, minivault_27, uniq_grinder

Skill      XL: |  1  2  3  4  5  6  7 |
---------------+----------------------+-----
Fighting       | 1 2 3 4 |  4.3
Stealth        | 3 4 5 |  5.5
Spellcasting   | 4 5 |  5.8
Fire Magic     | 4 5 |  5.3
Dodging        | |  2.4
Conjurations   | |  1.1

Action                   |  1- 3 |  4- 6 |  7- 9 || total
-------------------------+-------+-------+-------++-------
Melee: Unarmed           |     4 |     1 |       ||     5
       Dagger            |       |    14 |     2 ||    16
 Cast: Foxfire           |   190 |   144 |    62 ||   396
       Flame Wave        |       |     1 |       ||     1
Invok: Sacrifice Health  |       |       |     1 ||     1
  Use: Scroll            |     3 |     5 |       ||     8
       Potion            |       |     4 |       ||     4
Armor: Robe              |     3 |     1 |       ||     4
       Skin              |       |    10 |       ||    10
Dodge: Dodged            |    13 |    20 |     1 ||    34

Table legend: (Time is in decaauts)
 A = Elapsed time spent in this place.
 B = Non-inter-level travel time spent in this place.
 C = Inter-level travel time spent in this place.
 D = Time resting spent in this place.
 E = Time spent auto-exploring this place.
 F = Levels seen in this place.
 G = Mean time per level.
                   A        B        C        D        E       F      G
               +--------+--------+--------+--------+--------+-----+--------+
         Total |   6799 |   6710 |     89 |    372 |   5407 |   5 | 1359.8 |
       Dungeon |   6799 |   6710 |     89 |    372 |   5407 |   5 | 1359.8 |
               +--------+--------+--------+--------+--------+-----+--------+

Top non-repeatable levels by time:
     D:4: 1895 daAuts
     D:2: 1888 daAuts
     D:3: 1527 daAuts
     D:1: 870 daAuts
     D:5: 616 daAuts
